 Dungeon Crawl Stone Soup version 0.30-a0-170-g85af917532 (webtiles) character file.

Game seed: 11991449374156149673

324 qw the Chopper (level 6, -9/40 HPs)
             Began as a Gargoyle Fighter on Sept 30, 2022.
             Mangled by a gnoll
             ... wielding a +0 halberd
              (10 damage)
             ... on level 4 of the Dungeon.
             The game lasted 00:01:18 (3652 turns).

qw the Chopper (Gargoyle Fighter)                   Turns: 3652, Time: 00:01:19

Health: -9/40      AC: 14    Str: 22    XL:     6   Next: 48%
Magic:  6/6        EV:  7    Int:  8    God:
Gold:   137        SH:  4    Dex:  9    Spells: 5/5 levels left

rFire   . . .      SeeInvis .    Y - +0 war axe
rCold   . . .      Faith    .    c - +0 buckler
rNeg    + + .      Spirit   .    q - +0 chain mail
rPois   inf        Reflect  .    j - +0 helmet
rElec   +          Harm     .    (no cloak)
rCorr   .          Rampage  .    (no gloves)
Will    .....                    (no boots)
Stlth   ..........               (no amulet)
HPRegen 0.13/turn                p - ring of positive energy
MPRegen 0.10/turn                (no ring)

@: about to teleport
A: sickness immunity, AC +4, negative energy resistance 1, electricity
resistance, torment resistance 1, petrification resistance
a: no special abilities


You were on level 4 of the Dungeon.
You visited 2 branches of the dungeon, and saw 5 of its levels.

You collected 170 gold pieces.
You spent 33 gold pieces at shops.


Innate Abilities, Weirdness & Mutations

You are immune to sickness and miasma.
Your stone body is resilient. (AC +4)
You are immune to poison.
You resist negative energy. (rN+)
You are resistant to electric shocks. (rElec)
You are resistant to unholy torment.
You are immune to petrification.


   Skills:
 - Level 4.8 Fighting
 + Level 5.3 Axes
 - Level 3.2 Armour
 - Level 3.2 Shields


You had 5 spell levels left.
You didn't know any spells.
Your spell library was empty.

Inventory:

Hand Weapons
 e - a +0 mace
 Y - a +0 war axe (weapon)
Armour
 c - a +0 buckler (worn)
 j - a +0 helmet (worn)
 q - a +0 chain mail (worn)
Jewellery
 b - a +6 ring of intelligence
 p - a ring of positive energy (left hand)
 r - a ring of fire
Scrolls
 h - 2 scrolls of teleportation
 k - a scroll of identify
Potions
 a - a potion of mutation {unknown}
 d - 3 potions of might
 g - a potion of lignification {unknown}
 i - a potion of curing
 l - a potion of heal wounds {unknown}
 n - a potion of resistance {unknown}
 o - a potion of magic {unknown}

Dungeon Overview and Level Annotations

Branches:
Dungeon (4/15)             Temple (1/1) D:4

Altars:
Dithmenos
Gozag
Qazlal
Ru
Uskayaw
Vehumet
Zin
The Shining One

Shops:
D:1 ?   D:4 :


Message History

The hound bites you but does no damage. The gnoll hits you but does no damage.
The hound bites you but does no damage.
You completely miss the hound. You hit the bush but do no damage.
You hit the bush. The hound bites you but does no damage.
The gnoll hits you but does no damage. You block the hound's attack.
You block the gnoll's attack.
You closely miss the hound. You hit the bush but do no damage.
You slash the bush! The hound bites you.
The hound bites you but does no damage. You block the gnoll's attack.
You miss the hound. You hit the bush but do no damage. x2
The hound bites you but does no damage. The gnoll hits you but does no damage.
You block the hound's attack.
You closely miss the hound. You hit the bush but do no damage.
You hit the bush. The hound bites you but does no damage.
You block the gnoll's attack. You block the hound's attack.
You barely miss the hound. You hit the bush but do no damage. x2
The gnoll closely misses you. The hound completely misses you.
The gnoll hits you from afar with a +0 halberd.
The hound closely misses you.
You barely miss the hound. You hit the bush but do no damage. x2
You block the hound's attack. The gnoll hits you but does no damage.
You closely miss the hound. You hit the bush but do no damage.
You hit the bush. The hound barely misses you. The hound bites you.
The gnoll hits you from afar with a +0 halberd.
You barely miss the hound. You hit the bush but do no damage.
You slash the bush! The hound bites you.
The gnoll hits you from afar with a +0 halberd!
The hound bites you but does no damage. The gnoll barely misses you.
3651 ||| READING 3 scrolls of teleportation.
As you read the scroll of teleportation, it crumbles to dust.
You feel strangely unstable.
The hound bites you but does no damage. x2; You block the gnoll's attack.
You slash the hound!
The hound is heavily wounded.
You hit the bush but do no damage. x2
The hound barely misses you.
The gnoll hits you from afar with a +0 halberd!
You die...

.~.~## ##~.~.######
.~.~##..... ~.~ #####.
########(# #.
##...##.#.#######.
#######....#)#..........
.....................###
#....P@P.....#.#.......
....###h###...#.#...####
.. +.g #.....#...'..>
#...###.......#### +...#
#.###....... ##### ..#
#....... #.# #.......
.######.### ...........


You could see a hound and a gnoll.

Vanquished Creatures
  A sky beast (D:4)
  A hound (D:4)
  Ijyb (D:3)
  6 gnolls
  4 adders
  A worm (D:3)
  2 dart slugs
  2 orcs
  11 endoplasms
  2 giant cockroaches
  6 goblins
  8 hobgoblins
  5 jackals
  7 kobolds
  A quokka (D:1)
  6 ball pythons
  4 bats
  5 frilled lizards
  7 rats
80 creatures vanquished.

Notes
Turn   | Place    | Note
-------+----------+-------------------------------------------
     0 | D:1      | qw the Gargoyle Fighter began the quest for the Orb.
     0 | D:1      | Reached XP level 1. HP: 14/14 MP: 1/1
     0 | D:1      | 0 ||| qw: Version: 0.2-a-13-gfc7b4b4
     0 | D:1      | 0 ||| qw: Game counter: 1703
     0 | D:1      | 0 ||| qw: Always use a shield: true
     0 | D:1      | 0 ||| qw: God list: Okawaru
     0 | D:1      | 0 ||| qw: Allow faded altars: false
     0 | D:1      | 0 ||| qw: Do Orc after D:15 true
     0 | D:1      | 0 ||| qw: Do second Lair branch before Depths: true
     0 | D:1      | 0 ||| qw: Lair rune preference: random
     0 | D:1      | 0 ||| qw: Plans: Normal, Zot:1-4, God:TSO, Crypt, Tomb,
                  | Pan, Slime:5, Hells, Abyss, Orb
     0 | D:1      | 0 ||| PLANNING D:1-11
    49 | D:1      | Reached skill level 2 in Axes
   206 | D:1      | Reached XP level 2. HP: 19/19 MP: 2/2
   387 | D:1      | Reached skill level 3 in Axes
   568 | D:1      | Reached XP level 3. HP: 23/23 MP: 3/3
   613 | D:1      | Found Hiotiuty's Magic Scroll Shoppe.
   622 | D:1      | 622 ||| SHOPLISTING 3 scrolls of enchant weapon (247 gold,
                  | have 45).
   622 | D:1      | 622 ||| SHOPLISTING scroll of enchant armour (82 gold, have
                  | 45).
   622 | D:1      | 622 ||| BUYING scroll of teleportation (33 gold).
   622 | D:1      | Bought a scroll of teleportation for 33 gold pieces
   897 | D:1      | 897 ||| Stepping ~*~*~tactically~*~*~ (stealth).
  1038 | D:1      | 1038 ||| Stepping ~*~*~tactically~*~*~ (stealth).
  1039 | D:1      | 1039 ||| Stepping ~*~*~tactically~*~*~ (stealth).
  1043 | D:1      | 1043 ||| Stepping ~*~*~tactically~*~*~ (stealth).
  1079 | D:1      | 1079 ||| Stepping ~*~*~tactically~*~*~ (stealth).
  1232 | D:1      | 1232 ||| UPGRADING to +0 helmet.
  1237 | D:1      | 1237 ||| READING scroll labelled VOZEFFI KIJO.
  1238 | D:1      | 1238 ||| READING scroll labelled CAQOT HYHAKUTZ.
  1605 | D:2      | Reached XP level 4. HP: 28/28 MP: 4/4
  1636 | D:2      | 1636 ||| Stepping ~*~*~tactically~*~*~ (hiding).
  2080 | D:2      | Found a faded altar of an unknown god.
  2113 | D:2      | 2113 ||| UPGRADING to ring of positive energy.
  2114 | D:2      | 2114 ||| READING scroll labelled DIJECKUKHOA.
  2115 | D:2      | 2115 ||| READING scroll labelled YLEYXK ANOOTZ.
  2171 | D:3      | Reached skill level 4 in Axes
  2463 | D:3      | Reached XP level 5. HP: 30/32 MP: 5/5
  2743 | D:3      | Noticed Ijyb
  2763 | D:3      | Killed Ijyb
  2968 | D:3      | Reached skill level 5 in Axes
  2991 | D:3      | 2991 ||| UPGRADING to +0 chain mail.
  3001 | D:3      | 3001 ||| DROPPING +0 scale mail.
  3002 | D:3      | 3002 ||| READING scroll labelled NIAZYS NAXTY.
  3003 | D:3      | 3003 ||| READING scroll labelled POUMADDALOX.
  3047 | D:3      | 3047 ||| DRINKING 2 grey potions.
  3082 | D:4      | 3082 ||| Stepping ~*~*~tactically~*~*~ (stealth).
  3090 | D:4      | 3090 ||| FLEEEEING.
  3092 | D:4      | 3092 ||| FLEEEEING.
  3102 | D:4      | 3102 ||| STAIRDANCE
  3225 | D:4      | Found a staircase to the Ecumenical Temple.
  3226 | D:4      | 3226 ||| PLANNING TEMPLE
  3232 | Temple   | Entered the Ecumenical Temple
  3245 | Temple   | 3245 ||| PLANNING D:1-11
  3321 | D:4      | 3321 ||| Stepping ~*~*~tactically~*~*~ (stealth).
  3326 | D:4      | 3326 ||| Stepping ~*~*~tactically~*~*~ (stealth).
  3329 | D:4      | 3329 ||| Stepping ~*~*~tactically~*~*~ (stealth).
  3385 | D:4      | Noticed a sky beast
  3409 | D:4      | Killed a sky beast
  3410 | D:4      | Reached XP level 6. HP: 25/40 MP: 6/6
  3540 | D:4      | Found Ejuih's Book Boutique.
  3623 | D:4      | 3623 ||| Stepping ~*~*~tactically~*~*~ (stealth).
  3624 | D:4      | 3624 ||| Stepping ~*~*~tactically~*~*~ (stealth).
  3650 | D:4      | HP: 9/40 [hound (5)]
  3650 | D:4      | HP: 1/40 [gnoll/+0 halberd (8)]
  3651 | D:4      | 3651 ||| READING 3 scrolls of teleportation.
  3652 | D:4      | Mangled by a gnoll

Levels and vault maps discovered:
D:1:      dpeg_arrival_simpleton_b, layout_loops_cross, serial_shops,
          nicolae_shop_advertising_works [nicolae_subvault_shop_adworks]
D:2:      layout_basic, shapermc_ecumenical_altar_mp_vishouse
D:3:      cheibrodos_old_hovel, layout_basic, uniq_ijyb
D:4:      layout_loops_ring, okawaru_altar_gauntlet_db,
          minmay_overflow_temple_hex, minmay_temple_entry_nine_rooms,
          serial_shops, shop, shop, nicolae_shop_hallway_stairs,
          cheibrodos_gnoll_hut
Temple:   hellmonk_temple_two_chambers

Skill      XL: |  1  2  3  4  5 |
---------------+----------------+-----
Axes           | 2 3 4 5 |  5.3
Fighting       | 4 |  4.8
Armour         | |  3.2
Shields        | |  3.2

Action                   |  1- 3 |  4- 6 || total
-------------------------+-------+-------++-------
Melee: War axe           |   114 |   169 ||   283
  Use: Scroll            |     2 |     5 ||     7
       Potion            |       |     1 ||     1
Armor: Scale mail        |    52 |    37 ||    89
       Chain mail        |       |    72 ||    72
Dodge: Dodged            |    55 |    67 ||   122
Block: Buckler           |    21 |    27 ||    48

Table legend:
 A = Non-vault XP
 B = Vault XP
 C = Vault XP percentage of total XP
 D = Non-vault monster count
 E = Vault monster count
 F = Vault count percentage of total count
                 A         B        C        D         E       F
            +---------+---------+-------+---------+---------+-------
      Total |     334 |     129 |  27.9 |      71 |       9 |  11.2
            +---------+---------+-------+---------+---------+-------
        D:1 |      57 |       0 |   0.0 |      28 |       0 |   0.0
        D:2 |      41 |       0 |   0.0 |      18 |       0 |   0.0
        D:3 |      79 |      50 |  38.8 |      15 |       2 |  11.8
        D:4 |     157 |      79 |  33.5 |      10 |       7 |  41.2
            +---------+---------+-------+---------+---------+-------
